 Dungeon Crawl Stone Soup version 0.31-a0-259-g771a54c (webtiles) character file.

Game seed: 17609207296518667039

150929 Dawnplanks the Cloud Mage (level 17, -4/104 HPs)
             Began as a Tengu Air Elementalist on July 13, 2023.
             Was the Champion of Vehumet.
             Slain by a ghost moth (11 damage)
             ... on level 3 of the Spider Nest.
             The game lasted 01:58:09 (39954 turns).

Dawnplanks the Cloud Mage (Tengu Air Elementalist) Turns: 39954, Time: 01:58:09

Health: -4/104     AC:  9    Str:  5 (7)  XL:     17   Next: 54%
Magic:  0/39       EV: 26    Int: 32 (33) God:    Vehumet [******]
Gold:   1883       SH:  6    Dex: 15      Spells: 6/50 levels left

rFire   + + .        K - +3 Elemental Staff {rElec rF+ rC+ AC+3}
rCold   + + +        a - +2 buckler
rNeg    + . .        V - +2 robe {rF+}
rPois   +            (helmet restricted)
rElec   +            (no cloak)
rCorr   .            g - +1 pair of gloves
SInv    .            (boots unavailable)
Will    ++...        v - amulet "Xeabb" {Acrobat rPois rC++ rN+ Will+}
Stlth   ++           r - +6 ring of intelligence
HPRegen 0.37/turn    R - +5 ring of evasion
MPRegen 0.26/turn

%: acrobat, clarity
@: flying quickly and evasively, studying Shields, unable to read, quick
A: beak, talons 3, nimble flight, clarity, clever 1, inability to read after
injury 1
a: Renounce Religion


You were on level 3 of the Spider Nest.
You worshipped Vehumet.
Vehumet was exalted by your worship.
You visited 5 branches of the dungeon, and saw 26 of its levels.
You also visited: Bailey and Gauntlet.

You collected 2456 gold pieces.
You spent 573 gold pieces at shops.

Inventory:

Hand Weapons
 K - the +3 Elemental Staff (weapon) {rElec rF+ rC+ AC+3}
   (You found it on level 3 of the Lair of Beasts)

   It enhances your fire, ice, earth and air magic.
   AC:        It affects your AC (+3).
   rF:        It protects you from fire.
   rC:        It protects you from cold.
   rElec:     It insulates you from electricity.
Armour
 a - a +2 buckler (worn)
 g - a +1 pair of gloves (worn)
 B - a +2 robe of positive energy
 V - a +2 robe of fire resistance (worn)
Magical Staves
 J - a staff of conjuration
Jewellery
 r - a +6 ring of intelligence (left hand)
 v - the amulet "Xeabb" (around neck) {Acrobat rPois rC++ rN+ Will+}
   (You acquired it in a bailey)

   [amulet of the acrobat]

   It increases your evasion while moving and waiting.
   rC:        It greatly protects you from cold.
   rPois:     It protects you from poison.
   rN:        It protects you from negative energy.
   Will:      It increases your willpower.
 A - a +6 ring of intelligence
 C - a ring of poison resistance
 G - the ring of Ricip {Fire Drain Str+3 Dex+2}
   (You found it on level 14 of the Dungeon)

   [ring of fire]

   It enhances your fire magic.
   Str:       It affects your strength (+3).
   Dex:       It affects your dexterity (+2).
   rF:        It protects you from fire.
   rC:        It makes you vulnerable to cold.
   Drain:     It drains your maximum health when unequipped.
 R - a +5 ring of evasion (right hand)
Wands
 e - a wand of iceblast (13)
 f - a wand of mindburst (8)
 z - a wand of flame (16)
 M - a wand of paralysis (7)
 P - a wand of digging (22)
Scrolls
 b - 2 scrolls of blinking
 d - a scroll of torment {unknown}
 i - 3 scrolls of silence {unknown}
 j - 4 scrolls of enchant armour
 n - 2 scrolls of vulnerability {unknown}
 p - 3 scrolls of amnesia {unknown}
 s - 2 scrolls of revelation {unknown}
 y - 2 scrolls of butterflies
 D - 3 scrolls of brand weapon {unknown}
 H - 8 scrolls of poison
 I - a scroll of fog {unknown}
 O - a scroll of fear {unknown}
 S - a scroll of enchant weapon {unknown}
 X - 2 scrolls of teleportation
 Y - a scroll of immolation {unknown}
Potions
 c - 3 potions of might
 h - 4 potions of mutation
 m - 4 potions of curing
 o - 4 potions of resistance {unknown}
 q - 2 potions of cancellation
 t - 2 potions of brilliance
 u - 5 potions of invisibility
 w - 3 potions of haste
 x - 7 potions of enlightenment {unknown}
 E - 4 potions of lignification
 L - a potion of magic
 N - 2 potions of berserk rage {unknown}
 U - a potion of ambrosia {unknown}
 W - a potion of attraction {unknown}
Miscellaneous
 F - a phantom mirror
 Q - a tin of tremorstones (2/2)
 T - a phial of floods


   Skills:
 * Level 11.2 Fighting
 - Level 0.3 Staves
 + Level 12.4 Dodging
 - Level 2.0 Stealth
 + Level 1.0 Shields
 + Level 17.2 Spellcasting
 + Level 13.5 Conjurations
 * Level 3.9 Fire Magic
 + Level 21.5 Air Magic
 - Level 0.1 Evocations


You had 6 spell levels left.
You knew the following spells:

 Your Spells              Type           Power      Damage    Failure   Level
a - Shock                 Conj/Air       100%       1d9       0%          1
b - Static Discharge      Conj/Air       100%       2-7/arc   0%          2
c - Swiftness             Air            100%       N/A       0%          3
d - Airstrike             Air            64%        2d(10-26) 0%          4
e - Iskenderun's Battles  Conj           85%        2d13      1%          5
f - Frozen Ramparts       Ice            82%        1d13      2%          3
g - Conjure Ball Lightni  Conj/Air       59%        3x3d21    1%          6
h - Summon Lightning Spi  Summ/Air       98%        N/A       1%          4
i - Starburst             Conj/Fire      45%        6d13      3%          6
j - Fireball              Conj/Fire      45%        3d18      1%          5
k - Freezing Cloud        Conj/Ice/Air   62%        6-21      1%          5

Your spell library contained the following spells:

 Spells                   Type           Power      Damage    Failure   Level
 Eringya's Noxious Bog    Tmut/Pois      13%        4d6       67%         6
 Freeze                   Ice            100%       1d10      1%          1
 Cigotuvi's Dreadful Rot  Necr/Pois/Air  100%       N/A       1%          2
 Dazzling Flash           Conj/Hex       100%       N/A       1%          3
 Hailstorm                Conj/Ice       82%        3d17      1%          3
 Silence                  Hex/Air        49%        N/A       1%          5
 Summon Small Mammal      Summ           100%       N/A       2%          1
 Call Canine Familiar     Summ           27%        N/A       9%          3
 Summon Guardian Golem    Hex/Summ       27%        N/A       9%          3
 Lee's Rapid Deconstruct  Erth           20%        3d12*     19%         5
 Anguish                  Hex/Necr       13%        N/A       26%         4
 Animate Armour           Summ/Erth      82%        N/A       26%         4
 Cause Fear               Hex            13%        N/A       26%         4
 Dispel Undead            Necr           27%        3d13      26%         4
 Petrify                  Tmut/Erth      41%        N/A       26%         4
 Agony                    Necr           27%        N/A       58%         5
 Metabolic Englaciation   Hex/Ice        20%        N/A       58%         5
 Death Channel            Necr           13%        N/A       99%         6
 Orb of Destruction       Conj           42%        9d12      2%          7
 Spellforged Servitor     Conj/Summ      31%        N/A       32%         7
 Enfeeble                 Hex            13%        N/A       100%        7
 Dragon's Call            Summ           13%        N/A       100%        9


Dungeon Overview and Level Annotations

Branches:
Dungeon (15/15)            Temple (1/1) D:6            Lair (5/5) D:9
 Shoals (0/4) Lair:2       Spider (3/4) Lair:2        Slime (0/5) Lair:4
    Orc (2/2) D:11            Elf (0/3) Orc:2        Vaults (0/5) D:14
 Depths (0/4) D:15         Bailey (visited)         Gauntlet (visited)

Altars:
Dithmenos
Gozag
Hepliaklqana
Kikubaaqudgha
Makhleb
Okawaru
Qazlal
Sif Muna
Trog
Uskayaw
Vehumet
Wu Jian
Yredelemnul
Zin
The Shining One

Shops:
D:1 [   D:3 *   D:7 :   D:8 **   Orc:2 ***!


Innate Abilities, Weirdness & Mutations

You have a beak for a mouth.
You have claws for feet.
Your magical nature lets you fly swiftly and evasively.
You possess an exceptional clarity of mind.
Your mind is acute. (Int +4, Str/Dex -1)
You occasionally lose the ability to read scrolls when taking damage.


Message History

Deactivating autopickup; reactivate with Ctrl-A.
You barely miss something. You claw something. You peck something.
Something misses you. Something hits you but does no damage.
Something stings you!
You hit something but do no damage. Your kick misses something.
Something completely misses you. x2; Something stings you.
Something misses you. Something hits you. Something closely misses you.
You barely miss something. Your kick misses something. Something hits you!
Something hits you but does no damage. Something stings you.
You hit something but do no damage. You claw something. You peck something.
Something hits you but does no damage. Something misses you.
Something closely misses you. Something misses you. Something hits you.
You feel weakened.
Something stings you but does no damage.
You hit something. Your kick misses something.
You feel you are being watched by something.
You feel your power leaking away. You block something's attack.
Something hits you but does no damage. Something closely misses you.
You barely miss something. You peck something.
You feel you are being watched by something.
Something hits you. Something misses you.
Something stings you but does no damage.
You feel you are being watched by something.
Something hits you but does no damage. x2; Something barely misses you.
You closely miss something.
You feel you are being watched by something.
Something barely misses you. Something hits you! Something stings you!
* * * LOW HITPOINT WARNING * * *
You feel weakened.
You feel you are being watched by something.
Something hits you!
* * * LOW HITPOINT WARNING * * *
You feel dopey. You block something's attack. Something misses you.
Something hits you!
You feel threatened and lose the ability to read scrolls!
* * * LOW HITPOINT WARNING * * *
Something closely misses you. Something stings you!
You die...

# ##.......##.........# #.... #
#..........#........### #....
###..........##^........### .....
.##.........#.#.......^...#
............#.#.........###
..#........###.##...#..##
#.#......### #.#####...### .
##.......## ##.####.....## ...
##..##....#####*@{........##.....
##.###...#.##..###..........#
.#.......#....####..........#
...##......#..# #...........#
...###..#.###.# #...........#
...##..##.# #.# #............#
......###.# #.# #^............#
.....####.# #.# #............^..
........#^# #.###...............


You could see a friendly battlesphere.

Vanquished Creatures
  Saint Roka (Orc:2)
  The ghost of Dawnplanks the Brawler, a journeyman TrSh of Jiyva (D:14)
  3 emperor scorpions (Spider:3)
  An ironbound preserver (D:14)
  A dire elephant (Lair:5)
  A minotaur (Gauntlet)
  3 spark wasps (Spider:3)
  2 fire dragons
  2 ice dragons
  A great orb of eyes (Gauntlet)
  2 entropy weavers
  Erolcha (Orc:2)
  11 hydras
  2 catoblepae
  A jorogumo (Spider:3)
  A centaur warrior (D:15)
  An ogre mage (Orc:2)
  4 tengu warriors
  8 two-headed ogres
  6 boulder beetles
  3 demonic crawlers
  7 death yaks
  4 orc high priests
  Sonja (Lair:4)
  The ghost of hatwer the Slasher, a novice MiFi (D:7)
  The ghost of PurpleRed the Thaumaturge, a novice DEBr of Vehumet (Lair:1)
  3 pharaoh ants
  5 skeletal warriors (D:11)
  3 orb spiders
  A spectral wolf spider (Gauntlet)
  3 steelbarb worms (Spider:1)
  3 lindwurms (Lair:5)
  A swamp dragon (Lair:5)
  5 orc sorcerers (Orc:2)
  3 deep elf pyromancers
  7 orc knights
  A wolf spider zombie (Gauntlet)
  6 cyclopes
  3 moths of wrath
  9 wolf spiders
  A cyclops (shapeshifter) (D:15)
  A faun (Lair:3)
  3 ugly things
  4 manticores
  A spectral centaur (Gauntlet)
  An eye of devastation (shapeshifter) (D:15)
  A black mamba (Lair:1)
  37 elephants
  2 gargoyles
  2 ice statues
  2 large abominations (Gauntlet)
  4 torpor snails
  12 cane toads
  An unseen horror (D:11)
  3 kobold demonologists
  7 komodo dragons
  7 rime drakes
  A freezing wraith (D:15)
  An ice devil (D:14)
  7 trolls
  2 hornets
  12 meliai
  3 polar bears
  2 wolf spider simulacra (D:14)
  A blink frog (shapeshifter) (D:15)
  Grinder (D:6)
  A tarantella (shapeshifter) (D:15)
  A snapping turtle (Lair:2)
  24 tarantellas
  9 dream sheep
  17 blink frogs
  12 slime creatures
  A spriggan (shapeshifter) (D:13)
  6 small abominations (Gauntlet)
  20 jumping spiders
  3 centaur simulacra (D:14)
  5 culicivoras
  4 wraiths
  3 spriggans (Lair:1)
  A shadow (D:11)
  3 basilisks (Lair:5)
  4 hogs (D:9)
  7 wyverns
  41 yaks
  3 steam dragons
  A human (D:9)
  32 redbacks
  5 vampire mosquitoes
  4 acid dragons
  4 wargs
  6 water moccasins
  2 swamp drakes (Lair:5)
  3 ice beasts
  4 sky beasts
  42 orc warriors
  2 black bears
  22 wolves
  21 ogres
  A centaur (D:7)
  A phantom (D:6)
  5 kobold brigands
  12 bullfrogs
  4 gnoll sergeants
  A scorpion (D:5)
  2 hornet simulacra (D:14)
  10 wights
  4 killer bees (D:8)
  5 electric eels
  A howler monkey (D:12)
  4 hounds (D:5)
  2 jellies
  14 orc priests
  A sleepcap (D:6)
  8 iguanas
  21 orc wizards
  14 gnolls
  10 adders
  2 shadow imps
  3 dart slugs
  A worm (D:4)
  93 orcs
  9 endoplasms
  3 giant cockroaches
  11 goblins
  6 hobgoblins
  2 jackals (D:2)
  8 kobolds
  A quokka (D:1)
  10 ball pythons
  4 bats
  2 frilled lizards (D:2)
  5 rats
835 creatures vanquished.

Vanquished Creatures (collateral kills)
  Agnes (D:14)
  A boulder beetle (Spider:3)
  A centaur warrior (D:14)
  A death drake (Gauntlet)
  A cyclops (D:14)
  A slime creature (D:14)
  A gargoyle (D:13)
  A dream sheep (shapeshifter) (D:14)
  A basilisk (D:14)
  An orc (D:9)
  16 ball lightnings
26 creatures vanquished.

Vanquished Creatures (others)
  A komodo dragon (Lair:5)
  A scorpion (D:5)
  An orc wizard (D:5)
  2 orcs (D:5)
  219 ball lightnings
224 creatures vanquished.

Grand Total: 1085 creatures vanquished

Notes
Turn   | Place    | Note
-------+----------+-------------------------------------------
     0 | D:1      | Dawnplanks the Tengu Air Elementalist began the quest for
                  | the Orb.
     0 | D:1      | Reached XP level 1. HP: 10/10 MP: 4/4
   325 | D:1      | Reached XP level 2. HP: 15/15 MP: 3/6
   328 | D:1      | Learned a level 2 spell: Static Discharge
   664 | D:1      | Found Hiokerch's Antique Armour Shop.
   969 | D:1      | Reached XP level 3. HP: 19/19 MP: 2/7
  1128 | D:1      | Reached skill level 5 in Air Magic
  1804 | D:2      | Learned a level 3 spell: Swiftness
  1822 | D:2      | Identified the +0 cloak "Yfir" {Harm rF- rC+}
  1829 | D:2      | Reached XP level 4. HP: 24/24 MP: 3/8
  2651 | D:3      | Gained mutation: Your magical nature lets you fly swiftly
                  | and evasively. [Tengu growth]
  2651 | D:3      | Reached XP level 5. HP: 28/28 MP: 2/10
  2769 | D:3      | Reached skill level 1 in Fighting
  3464 | D:3      | Noticed an ogre
  3473 | D:3      | Killed an ogre
  3474 | D:3      | Reached XP level 6. HP: 34/34 MP: 5/12
  3560 | D:3      | Reached skill level 6 in Air Magic
  3681 | D:3      | Found Siefaus's General Store.
  4025 | D:4      | Identified the +2 sling "Hudaprud" {freeze, rC+ Stlth+}
  4111 | D:4      | Noticed a black bear
  4240 | D:4      | Found an ancient bone altar of Kikubaaqudgha.
  4386 | D:4      | Reached XP level 7. HP: 38/38 MP: 7/14
  4456 | D:4      | Found a shadowy altar of Dithmenos.
  4551 | D:4      | Reached skill level 5 in Conjurations
  4590 | D:4      | Reached skill level 5 in Spellcasting
  4590 | D:4      | Reached skill level 7 in Air Magic
  4998 | D:4      | Reached XP level 8. HP: 43/43 MP: 13/17
  5241 | D:1      | Bought a fine robe for 165 gold pieces
  5241 | D:1      | Identified the +0 robe "Masuoq" {rF- Dex+4} (You bought it
                  | in a shop on level 1 of the Dungeon)
  5366 | D:5      | Entered Level 5 of the Dungeon
  5375 | D:5      | Learned a level 4 spell: Airstrike
  5692 | D:5      | Found a glowing silver altar of Zin.
  5944 | D:5      | Reached skill level 8 in Air Magic
  6636 | D:6      | Reached XP level 9. HP: 47/47 MP: 10/20
  6712 | D:6      | Reached skill level 9 in Air Magic
  6831 | D:6      | Found a staircase to the Ecumenical Temple.
  6841 | Temple   | Entered the Ecumenical Temple
  6867 | Temple   | Became a worshipper of Vehumet
  7148 | D:6      | Noticed Grinder
  7150 | D:6      | Killed Grinder
  7235 | D:6      | Noticed a two-headed ogre
  7241 | D:6      | Killed a two-headed ogre
  7242 | D:6      | Reached skill level 10 in Air Magic
  8020 | D:7      | Found a transporter.
  8021 | D:7      | Noticed hatwer's ghost (novice MiFi)
  8042 | D:7      | Found Pixan's Book Boutique.
  8174 | D:7      | Found a transporter.
  8193 | D:7      | Reached XP level 10. HP: 49/56 MP: 17/23
  8736 | D:7      | Reached * piety under Vehumet
  8736 | D:7      | Offered knowledge of Kiss of Death by Vehumet.
  8901 | D:7      | Noticed an ice statue
  9867 | D:8      | Reached skill level 11 in Air Magic
  9896 | D:7      | HP: 2/55 [something/magic dart (5)]
 10186 | D:8      | Found Xunepiac's Overcharged Wands.
 10214 | D:8      | Gained mutation: You are frail. (-10% HP) [potion of
                  | mutation]
 10214 | D:8      | Gained mutation: You possess an exceptional clarity of
                  | mind. [potion of mutation]
 10214 | D:8      | Gained mutation: You have an increased reservoir of magic.
                  | (+10% MP) [potion of mutation]
 10517 | D:8      | Found Foquit's Changing Room.
 10525 | D:8      | Bought a potion of lignification for 39 gold pieces
 10638 | D:8      | Lost mutation: You have an increased reservoir of magic.
                  | (+10% MP) [potion of mutation]
 10638 | D:8      | Lost mutation: You are frail. (-10% HP) [potion of
                  | mutation]
 10638 | D:8      | Gained mutation: You occasionally lose the ability to read
                  | scrolls when taking damage. [potion of mutation]
 10638 | D:8      | Gained mutation: Your mind is acute. (Int +4, Str/Dex -1)
                  | [potion of mutation]
 10716 | D:8      | Reached ** piety under Vehumet
 10716 | D:8      | Offered knowledge of Searing Ray by Vehumet.
 10962 | D:9      | Noticed a two-headed ogre
 10966 | D:9      | Killed a two-headed ogre
 10967 | D:9      | Reached skill level 5 in Dodging
 11199 | D:9      | Found a staircase to the Lair.
 11221 | D:9      | Reached skill level 12 in Air Magic
 11516 | D:9      | Reached skill level 5 in Fighting
 11516 | D:9      | Reached XP level 11. HP: 5/63 MP: 7/25
 11675 | D:10     | Entered Level 10 of the Dungeon
 11799 | D:10     | Found a burning altar of Makhleb.
 11802 | D:10     | Found an ornate altar of the Wu Jian Council.
 11805 | D:10     | Found a hide-covered altar of Uskayaw.
 11808 | D:10     | Found an opulent altar of Gozag.
 12171 | D:10     | Found a flagged portal.
 12173 | D:10     | Offered knowledge of Scorch by Vehumet.
 12190 | Bailey   | Entered a bailey
 12384 | Bailey   | Reached *** piety under Vehumet
 13064 | Bailey   | Noticed an orc knight
 13090 | Bailey   | Offered knowledge of Fulminant Prism by Vehumet.
 13104 | Bailey   | Killed an orc knight
 13105 | Bailey   | Reached skill level 13 in Air Magic
 13203 | Bailey   | Acquired a staff of air
 13206 | Bailey   | Acquired the amulet "Xeabb" {Acrobat rPois rC++ rN+ Will+}
 13899 | D:10     | Found a hazy altar of Hepliaklqana.
 14671 | D:11     | Noticed a cyclops
 14675 | D:11     | Killed a cyclops
 14676 | D:11     | Reached skill level 10 in Spellcasting
 14982 | D:11     | Noticed a deep elf pyromancer
 14984 | D:11     | Killed a deep elf pyromancer
 15107 | D:11     | Noticed a skeletal warrior
 15116 | D:11     | Killed a skeletal warrior
 15117 | D:11     | Reached skill level 14 in Air Magic
 15230 | D:11     | Noticed a skeletal warrior
 15231 | D:11     | Noticed a skeletal warrior
 15256 | D:11     | Killed a skeletal warrior
 15257 | D:11     | Reached XP level 12. HP: 71/71 MP: 13/27
 15705 | D:11     | Found a staircase to the Orcish Mines.
 16477 | Lair:1   | Entered Level 1 of the Lair of Beasts
 16854 | Lair:1   | Noticed a death yak
 16855 | Lair:1   | Noticed a death yak
 16857 | Lair:1   | Noticed a death yak
 16860 | Lair:1   | Noticed a death yak
 16913 | Lair:1   | Reached skill level 15 in Air Magic
 16926 | Lair:1   | Found a transporter.
 16926 | Lair:1   | Found a transporter.
 16929 | Lair:1   | Noticed PurpleRed's ghost (novice DEBr)
 16930 | Lair:1   | Found a bloodstained altar of Trog.
 17748 | Lair:1   | Killed a death yak
 17749 | Lair:1   | Reached XP level 13. HP: 78/78 MP: 13/29
 18047 | Lair:1   | Reached **** piety under Vehumet
 18243 | Lair:1   | Reached skill level 16 in Air Magic
 19312 | Lair:2   | Found a staircase to the Shoals.
 19316 | Lair:2   | Offered knowledge of Iskenderun's Battlesphere by Vehumet.
 19323 | Lair:2   | Learned a level 5 spell: Iskenderun's Battlesphere
 20693 | Lair:2   | Found a hole to the Spider Nest.
 21305 | Lair:3   | Reached skill level 17 in Air Magic
 21416 | Lair:3   | Reached XP level 14. HP: 62/84 MP: 10/32
 21594 | Lair:3   | Found the +3 Elemental Staff {rElec rF+ rC+ AC+3}
 21645 | Lair:3   | Learned a level 3 spell: Frozen Ramparts
 21714 | Lair:3   | Reached skill level 10 in Dodging
 22159 | Lair:4   | Reached ***** piety under Vehumet
 22242 | Lair:4   | Offered knowledge of Conjure Ball Lightning by Vehumet.
 22609 | Lair:4   | Noticed Sonja
 22941 | Lair:4   | Found a staircase to the Slime Pits.
 23195 | Lair:4   | Killed Sonja
 23371 | Lair:4   | Reached skill level 10 in Conjurations
 23476 | Lair:4   | Learned a level 6 spell: Conjure Ball Lightning
 23928 | Lair:5   | Entered Level 5 of the Lair of Beasts
 25224 | Lair:5   | Reached skill level 18 in Air Magic
 25568 | Lair:5   | Identified the +7 quarterstaff "Zuriubbe" {freeze, Str+3}
 25860 | Lair:5   | Reached skill level 10 in Fighting
 25952 | Lair:5   | Noticed a dire elephant
 25958 | Lair:5   | Killed a dire elephant
 25959 | Lair:5   | Reached XP level 15. HP: 60/92 MP: 16/34
 26935 | D:7      | Killed hatwer's ghost
 27117 | Lair:1   | Killed PurpleRed's ghost
 27343 | Orc:1    | Entered Level 1 of the Orcish Mines
 27370 | Orc:1    | Offered knowledge of Irradiate by Vehumet.
 27724 | Orc:1    | Found a shimmering blue altar of Sif Muna.
 28175 | Orc:2    | Entered Level 2 of the Orcish Mines
 28195 | Orc:2    | Noticed Erolcha
 28197 | Orc:2    | Killed Erolcha
 28238 | Orc:2    | Found a bloodstained altar of Trog.
 28375 | Orc:2    | Noticed Saint Roka
 28380 | Orc:2    | Killed Saint Roka
 28451 | Orc:2    | Found a gate leading to a gauntlet.
 28460 | Gauntlet | Entered a Gauntlet
 28460 | Gauntlet | Found a transporter.
 28497 | Gauntlet | Found a transporter.
 28501 | Gauntlet | Found a transporter.
 28509 | Gauntlet | Found a transporter.
 28513 | Gauntlet | Found a transporter.
 28517 | Gauntlet | Found a runed translucent door.
 28518 | Gauntlet | Found a runed translucent door.
 28521 | Gauntlet | Found a transporter.
 28525 | Gauntlet | Found a transporter.
 28533 | Gauntlet | Found a transporter.
 28537 | Gauntlet | Found a transporter.
 28545 | Gauntlet | Found a transporter.
 28576 | Gauntlet | Found a transporter.
 28588 | Gauntlet | Found a transporter.
 28601 | Gauntlet | Found a transporter.
 28614 | Gauntlet | Found a transporter.
 29098 | Gauntlet | Identified the ring of Jegrudesch {MP+9 Int+4}
 29271 | Gauntlet | Reached skill level 19 in Air Magic
 29598 | Gauntlet | Reached skill level 15 in Spellcasting
 29731 | Gauntlet | Identified the +5 trident of Sungur {heavy, rC- rN+++
                  | rCorr}
 29997 | Orc:2    | Found a staircase to the Elven Halls.
 30511 | Orc:2    | Reached ****** piety under Vehumet
 30750 | Orc:2    | Found Myng's Distillery.
 30768 | Orc:2    | Found Aluobili's Assorted Antiques.
 30771 | Orc:2    | Offered knowledge of Starburst by Vehumet.
 30778 | Orc:2    | Found Lisethrol's General Store.
 30782 | Orc:2    | Found Wal Matt's Assorted Antiques.
 30847 | Orc:2    | Bought a scroll of identify for 26 gold pieces
 30850 | Orc:2    | Bought a colourful robe for 165 gold pieces
 30850 | Orc:2    | Identified the +1 robe of Neosig {Slay+3} (You bought it in
                  | a shop on level 2 of the Orcish Mines)
 30850 | Orc:2    | Bought a scroll of identify for 58 gold pieces
 30960 | Orc:2    | Bought a potion of magic for 120 gold pieces
 31173 | D:12     | Reached XP level 16. HP: 100/100 MP: 23/36
 31397 | D:12     | Learned a level 4 spell: Summon Lightning Spire
 31845 | D:12     | Found the +10 morningstar "Eos" {elec, Halo rElec}
 33019 | D:13     | Learned a level 6 spell: Starburst
 33346 | D:13     | Learned a level 5 spell: Fireball
 33696 | D:13     | Reached skill level 1 in Fire Magic
 33980 | D:14     | Found a runed translucent gate.
 34392 | D:14     | Reached skill level 20 in Air Magic
 35019 | D:14     | Noticed Agnes
 35023 | D:14     | Killed Agnes
 35119 | D:14     | Found a runed translucent gate.
 35120 | D:14     | Found a runed translucent gate.
 35125 | D:14     | Noticed Dawnplanks's ghost (journeyman TrSh)
 35207 | D:14     | Killed Dawnplanks's ghost
 35218 | D:14     | HP: 3/100 [spore (12)]
 35596 | D:14     | Offered knowledge of Freezing Cloud by Vehumet.
 35603 | D:14     | Learned a level 5 spell: Freezing Cloud
 35713 | D:14     | Got the ring of Ricip {Fire Drain Str+3 Dex+2}
 35812 | D:14     | Found a gate to the Vaults.
 35870 | D:15     | Entered Level 15 of the Dungeon
 36114 | D:15     | Found a staircase to the Depths.
 37048 | Spider:1 | Entered Level 1 of the Spider Nest
 37510 | Spider:1 | Reached XP level 17. HP: 97/104 MP: 35/38
 38361 | Spider:2 | You are sucked into a shaft and drop 1 floor!
 38369 | Spider:3 | Reached skill level 21 in Air Magic
 38479 | Spider:3 | Offered knowledge of Eringya's Noxious Bog by Vehumet.
 39328 | Spider:3 | Reached skill level 1 in Shields
 39954 | Spider:3 | Slain by a ghost moth

Illustrated notes

Levels and vault maps discovered:
D:1:      matt_arrival_refuge, layout_basic, serial_shops,
          nicolae_shop_rolling_square
D:2:      layout_loops_ring
D:3:      layout_loops_ring, serial_shops, nicolae_square_shop,
          guppyfry_early_lair_pool
D:4:      minmay_octagon_keep, layout_loops_ring,
          nicolae_dithmenos_through_a_glass_darkly,
          mainiacjoe_overflow_24_doors, cheibrodos_sewer_entry_bend
D:5:      layout_rooms, kennysheep_mini, lemuel_flamethrower_2
D:6:      layout_basic, minmay_temple_entry_sparse_star, interstate_on_off,
          uniq_grinder
D:7:      statuecave_lemuel, layout_basic, serial_glass, glass_columns_c,
          glass_columns_b, glass_columns_a, glass_columns_b,
          gammafunk_ghost_smash, nicolae_inconvenience_store
D:8:      layout_rooms, nicolae_transmutations_shop,
          nicolae_shop_overcharged_wands
D:9:      layout_cave_pools, david_lair_shrubbed, minmay_misc_feat_room,
          chequers_serial_rivers_micro_d, serial_park_tiny_1, grunt_livestock,
          minmay_misc_feat_five
D:10:     layout_basic, mainiacjoe_overflow_chevrons,
          grunt_temple_overflow_cloverleaf, enter_bailey_5
D:11:     layout_cave_pools, kennysheep_orc_monster_closet_entryway
D:12:     layout_roguey
D:13:     layout_loops_ring
D:14:     layout_loops_ring, skrybe_vaults_entry_preservation,
          gammafunk_ghost_icy, infiniplex_staircase_zigzag_4, uniq_agnes
D:15:     grunt_enter_depths_hoard, layout_basic
Temple:   nicolae_temple_ecumenical_triangle
Lair:1:   layout_cave_shapes, gammafunk_ghost_wrathful_warriors
Lair:2:   layout_chaotic_city, minmay_shoals_entry_hut,
          spider_nest_entry_funnel_web, chequers_serial_rivers_small_3
Lair:3:   layout_roguey, grunt_forest_large_clearings
Lair:4:   layout_roguey, slime_entry_1, uniq_sonja
Lair:5:   guppyfry_lair_end_dragon, layout_regular_city,
          hangedman_lair_in_review
Spider:1: layout_spider_delve, nicolae_spider_webs_and_nodes
Spider:2: layout_spider_delve, uniq_jorgrun
Spider:3: layout_chambers, nicolae_spider_cling_halls
Orc:1:    layout_caves, enter_volcano_1, kennysheep_orc_sif_temple, uniq_urug
Orc:2:    st_orc_elflike, layout_caves, basic_altar, gauntlet_entry_generic,
          uniq_erolcha, uniq_saint_roka

Skill      XL: |  1  2  3  4  5  6  7  8  9 10 11 12 13 14 15 16 17 |
---------------+----------------------------------------------------+-----
Conjurations   | 2 3 4 6 7 8 9 10 11 12 13 | 13.5
Air Magic      | 5 6 7 8 10 12 14 15 17 18 19 20 21 | 21.5
Fighting       | 1 3 5 6 7 8 10 11 | 11.2
Spellcasting   | 3 4 5 6 8 9 10 11 13 14 15 16 17 | 17.2
Dodging        | 4 5 7 8 9 11 12 | 12.4
Fire Magic     | 3 |  3.9
Shields        | 1 |  1.0
Staves         | |  0.3
Stealth        | |  2.0
Evocations     | |  0.1

Action                     |  1- 3 |  4- 6 |  7- 9 | 10-12 | 13-15 | 16-18 || total
---------------------------+-------+-------+-------+-------+-------+-------++-------
  Melee: Dagger            |     1 |     8 |       |       |       |       ||     9
         Kick              |     1 |     3 |       |     5 |     7 |     3 ||    19
         Flail             |       |       |       |     9 |       |       ||     9
         Peck              |       |       |       |     3 |     3 |     3 ||     9
         Staff             |       |       |       |     2 |     8 |    11 ||    21
   Cast: Shock             |    69 |   122 |   109 |   168 |   219 |   215 ||   902
         Static Discharge  |       |     4 |    11 |    29 |    38 |    10 ||    92
         Airstrike         |       |       |    30 |   267 |   232 |   113 ||   642
         Iskenderun's Batt |       |       |       |       |    81 |    47 ||   128
         Conjure Ball Ligh |       |       |       |       |    85 |    34 ||   119
         Frozen Ramparts   |       |       |       |       |    11 |     5 ||    16
         Fireball          |       |       |       |       |       |    27 ||    27
         Starburst         |       |       |       |       |       |    14 ||    14
         Summon Lightning  |       |       |       |       |       |    16 ||    16
         Freezing Cloud    |       |       |       |       |       |     4 ||     4
  Evoke: Wand              |       |       |       |     3 |     4 |       ||     7
         Phantom mirror    |       |       |       |     1 |     1 |       ||     2
    Use: Scroll            |       |       |       |    13 |     8 |     2 ||    23
         Potion            |       |       |       |     7 |     4 |     7 ||    18
 Armour: Robe              |     2 |     2 |       |    11 |    29 |    19 ||    63
  Dodge: Dodged            |     4 |    15 |    14 |   149 |   167 |   126 ||   475
  Block: Buckler           |       |       |       |       |       |    21 ||    21

Table legend: (Time is in decaauts)
 A = Elapsed time spent in this place.
 B = Non-inter-level travel time spent in this place.
 C = Inter-level travel time spent in this place.
 D = Time resting spent in this place.
 E = Time spent auto-exploring this place.
 F = Levels seen in this place.
 G = Mean time per level.
                   A        B        C        D        E       F      G
               +--------+--------+--------+--------+--------+-----+--------+
         Total |  38274 |  35778 |   2496 |   5543 |  24446 |  28 | 1366.9 |
       Dungeon |  21296 |  19642 |   1654 |   2864 |  14303 |  15 | 1419.7 |
        Temple |     30 |     24 |      6 |      0 |     21 |   1 |   30.0 |
          Lair |   9648 |   9340 |    308 |   1234 |   6299 |   5 | 1929.6 |
   Spider Nest |   2787 |   2754 |     33 |    623 |   1640 |   3 |  929.0 |
  Orcish Mines |   2091 |   1598 |    493 |     88 |   1048 |   2 | 1045.5 |
        Bailey |   1011 |   1011 |      0 |    135 |    533 |   1 | 1011.0 |
      Gauntlet |   1408 |   1408 |      0 |    597 |    599 |   1 | 1408.0 |
               +--------+--------+--------+--------+--------+-----+--------+

Top non-repeatable levels by time:
     D:7: 2660 daAuts
  Lair:1: 2512 daAuts
  Lair:5: 2396 daAuts
    D:11: 1935 daAuts
    D:10: 1894 daAuts
  Lair:2: 1865 daAuts
    D:14: 1748 daAuts
     D:3: 1586 daAuts
Spider:3: 1520 daAuts
  Lair:4: 1513 daAuts
    D:12: 1478 daAuts
   Orc:2: 1441 daAuts
Gauntlet: 1408 daAuts
  Lair:3: 1362 daAuts
    D:13: 1322 daAuts
